 Dungeon Crawl Stone Soup version 0.30.1-9-gdf580d7c3d (webtiles) character file.

Game seed: 12304074330904971191

1599 monsoonserge the Ducker (level 7, 0/55 HPs)
             Began as a Merfolk Gladiator on Oct 2, 2023.
             Was a Follower of Ru.
             Killed from afar by a steam dragon (16 damage)
             ... with a ball of steam
             ... on level 6 of the Dungeon.
             The game lasted 00:19:29 (5621 turns).

monsoonserge the Ducker (Merfolk Gladiator)         Turns: 5621, Time: 00:19:29

Health: 0/55       AC:  6    Str: 15    XL:     7   Next: 94%
Magic:  16/16      EV: 15    Int:  7    God:    Ru [*.....]
Gold:   330        SH:  5    Dex: 17    Spells: 6/6 levels left

rFire   . . .        z - +3 dagger
rCold   x . .        k - +0 buckler
rNeg    + + .        t - +1 leather armour "Ecredy Fihi" {rC- rN++ Will++ Slay+2}
rPois   .            c - +0 helmet
rElec   .            (no cloak)
rCorr   +            (no gloves)
SInv    .            b - +0 pair of boots
Will    ++...        G - amulet of regeneration
Stlth   ++           o - ring of resist corrosion
HPRegen 1.09/turn    B - ring of magical power
MPRegen 0.15/turn

%: no passive effects
@: no status effects
A: inexperienced 1, (nimble swimmer 2), mertail
a: Renounce Religion


You were on level 6 of the Dungeon.
You worshipped Ru.
Ru was aware of your devotion.
You visited 1 branch of the dungeon, and saw 6 of its levels.
You also visited: Sewer and Ossuary.

You collected 330 gold pieces.

Inventory:

Hand Weapons
 a - a +0 long sword
 z - a +3 dagger (weapon)
Missiles
 d - 4 throwing nets
 e - a javelin
 m - 9 poisoned darts (quivered)
Armour
 b - a +0 pair of boots (worn)
 c - a +0 helmet (worn)
 k - a +0 buckler (worn)
 t - the +1 leather armour "Ecredy Fihi" (worn) {rC- rN++ Will++ Slay+2}
   (You took it off an orc on level 2 of the Dungeon)

   Slay:      It affects your accuracy & damage with ranged weapons and melee
   (+2).
   rC:        It makes you vulnerable to cold.
   rN:        It greatly protects you from negative energy.
   Will:      It greatly increases your willpower.
 w - a +0 troll leather armour {Pargi}
 D - a +0 plate armour
Jewellery
 o - a ring of resist corrosion (left hand)
 B - a ring of magical power (right hand)
 G - an amulet of regeneration (around neck)
Wands
 y - a wand of flame (2)
Scrolls
 f - 5 scrolls of teleportation {unknown}
 i - a scroll of summoning
 l - 4 scrolls of immolation
 n - 2 scrolls of poison
 s - a scroll of magic mapping
 C - 3 scrolls of amnesia
 E - 2 scrolls of vulnerability
Potions
 h - 5 potions of curing
 j - a potion of lignification
 q - 2 potions of haste {unknown}
 r - a potion of ambrosia
 u - 2 potions of degeneration {unknown}
 v - a potion of heal wounds
 x - a potion of berserk rage
 A - 2 potions of resistance
 F - a potion of cancellation {unknown}
 H - 3 potions of brilliance
 I - a potion of mutation {unknown}


   Skills:
 + Level 4.4 Fighting
 + Level 5.9(7.1) Short Blades
 + Level 6.1(7.2) Long Blades
 + Level 2.3 Throwing
 + Level 3.2 Armour
 + Level 7.7 Dodging
 + Level 2.6 Stealth
 + Level 2.5 Shields
 + Level 0.1 Evocations


You had 6 spell levels left.
You didn't know any spells.
Your spell library contained the following spells:

 Spells                   Type           Power      Damage    Failure   Level
 Slow                     Hex            0%         N/A       58%         1
 Sublimation of Blood     Necr           0%         N/A       75%         2
 Wereblood                Tmut           0%         N/A       75%         2
 Confusing Touch          Hex            0%         N/A       92%         3
 Stone Arrow              Conj/Erth      0%         3d7       92%         3
 Vampiric Draining        Necr           0%         2d6       92%         3
 Animate Armour           Summ/Erth      0%         N/A       100%        4
 Summon Hydra             Summ           0%         N/A       100%        7
 Lehudib's Crystal Spear  Conj/Erth      0%         10d2      100%        8


Dungeon Overview and Level Annotations

Branches:
Dungeon (6/15)              Sewer (visited)         Ossuary (visited)
 Temple: D:4-7

Altars:
Hepliaklqana
Kikubaaqudgha
Nemelex Xobeh
Ru

Annotations:
D:4 2 transporters, kirbyLore2370's ghost, amateur DrCj
D:5 1 transporter, laqueoix's ghost, novice DsGl


Innate Abilities, Weirdness & Mutations

You are somewhat inexperienced. (-1 XL)
((You are very nimble when in or above water. (Stealth+, EV+, Speed+++)))
Your lower body shifts to a powerful aquatic tail in water.


Message History

There is an open door here.
A steam dragon comes into view.
The steam dragon hisses angrily.
The steam dragon breathes steam at you. The ball of steam hits you!
You hear a howl!
Found a leather armour.
You are engulfed in a cloud of scalding steam.
The steam dragon misses you. The steam dragon barely misses you.
You hit the steam dragon but do no damage.
You hit the steam dragon.
The steam dragon is lightly wounded.
You block the steam dragon's attack.
The steam dragon claws you but does no damage.
You hit the steam dragon.
The steam dragon is lightly wounded.
The steam dragon breathes steam at you. The ball of steam hits you!!
Ouch! That really hurt!
You hit the steam dragon.
The steam dragon is moderately wounded.
The steam dragon bites you.
* * * LOW HITPOINT WARNING * * *
The steam dragon claws you.
* * * LOW HITPOINT WARNING * * *
You hit the steam dragon.
The steam dragon is heavily wounded.
The steam dragon bites you but does no damage.
The steam dragon closely misses you.
You hit the steam dragon.
The steam dragon is heavily wounded.
The steam dragon misses you.
The steam dragon claws you but does no damage.
You barely miss the steam dragon.
The steam dragon is heavily wounded.
You hit the steam dragon but do no damage.
The steam dragon is heavily wounded.
The steam dragon breathes steam at you. The ball of steam hits you!
You die...

#......##<....#
##......##.....#
#........'.....#
#........#.....#
#.......###+####
#.......##...##
##............#
##....(.......#
.......D@......#
####...........#
#...........#
#...........#
#......#...##
#.[..#######
#.... #....


You could see a steam dragon (catching breath).

Vanquished Creatures
  Grinder (D:3)
  Sigmund (D:3)
  A water moccasin (D:5)
  Pargi (Sewer)
  An orc warrior (D:5)
  A centaur (D:5)
  A phantom (D:5)
  3 scorpions
  A howler monkey (D:5)
  An orc priest (D:4)
  A jelly (D:5)
  A hound (D:5)
  A gnoll bouda (D:3)
  4 orc wizards
  An iguana (D:5)
  3 mummies (Ossuary)
  Robin (D:4)
  4 gnolls (D:4)
  5 adders
  A river rat (D:3)
  An ufetubus (D:5)
  5 adder zombies (Ossuary)
  6 worms
  3 dart slugs
  13 orcs
  7 bats
  10 endoplasms
  6 giant cockroaches
  8 hobgoblins
  6 jackals
  15 kobolds
  3 quokkas
  9 ball pythons
  3 frilled lizards
  17 goblins
  4 hobgoblin zombies (Ossuary)
  A kobold zombie (Ossuary)
  An orc zombie (Ossuary)
  3 quokka zombies (Ossuary)
  8 rats
  4 rat zombies (Ossuary)
167 creatures vanquished.

Notes
Turn   | Place    | Note
-------+----------+-------------------------------------------
     0 | D:1      | monsoonserge the Merfolk Gladiator began the quest for the
                  | Orb.
     0 | D:1      | Reached XP level 1. HP: 16/16 MP: 1/1
   103 | D:1      | Reached XP level 2. HP: 22/22 MP: 2/2
   329 | D:1      | Reached XP level 3. HP: 28/28 MP: 3/3
  1128 | D:2      | Reached skill level 5 in Dodging
  1155 | D:2      | Found a sacrificial altar of Ru.
  1180 | D:2      | Reached XP level 4. HP: 34/34 MP: 4/4
  1190 | D:2      | Became a worshipper of Ru the Awakened
  1812 | D:3      | Reached skill level 1 in Armour
  1815 | D:3      | Identified the +1 leather armour "Ecredy Fihi" {rC- rN++
                  | Will++ Slay+2}
  1995 | D:3      | Noticed Sigmund
  2100 | D:3      | Reached skill level 5 in Long Blades
  2194 | D:3      | Reached XP level 5. HP: 39/39 MP: 5/5
  2295 | D:3      | Found a glowing drain.
  2316 | Sewer    | Entered a sewer
  2339 | Sewer    | Noticed Pargi
  2355 | Sewer    | Killed Pargi
  2356 | Sewer    | Reached skill level 1 in Shields
  2356 | Sewer    | Reached XP level 6. HP: 34/46 MP: 6/6
  2382 | Sewer    | Identified the +0 trident "Rytheog" {flame, *Slow Will+
                  | SInv Stlth+}
  2553 | D:4      | Found a transporter.
  2768 | D:4      | Gained mutation: You are somewhat inexperienced. (-1 XL)
                  | [Ru sacrifice]
  2768 | D:4      | Reached XP level 5. HP: 28/40 MP: 6/14
  2768 | D:4      | Reached * piety under Ru
  2837 | D:4      | Found a transporter.
  2837 | D:4      | Noticed kirbyLore2370's ghost (amateur DrCj)
  2845 | D:4      | Noticed Robin
  2897 | D:4      | Killed Robin
  3009 | D:4      | Reached skill level 1 in Short Blades
  3009 | D:4      | Reached skill level 1 in Stealth
  3312 | D:4      | Reached XP level 6. HP: 34/47 MP: 6/6
  3334 | D:4      | Reached skill level 6 in Dodging
  3461 | D:4      | Found a hazy altar of Hepliaklqana.
  3562 | D:5      | Entered Level 5 of the Dungeon
  3841 | D:5      | Found a sand-covered staircase.
  3906 | Ossuary  | Entered an ossuary
  4205 | D:5      | Reached XP level 7. HP: 53/53 MP: 7/7
  4334 | D:5      | Found a transporter.
  4336 | D:5      | Noticed laqueoix's ghost (novice DsGl)
  4439 | D:5      | Found a sparkling altar of Nemelex Xobeh.
  4439 | D:5      | Found an ancient bone altar of Kikubaaqudgha.
  4464 | D:5      | Reached skill level 5 in Short Blades
  4464 | D:5      | Reached skill level 7 in Dodging
  5323 | D:3      | Noticed Grinder
  5345 | D:3      | Killed Grinder
  5561 | D:3      | Killed Sigmund
  5621 | D:6      | Killed from afar by a steam dragon

Illustrated notes

Levels and vault maps discovered:
D:1:      nzn_arrival_settlement, layout_basic, st_stairs_5
D:2:      layout_basic, basic_altar
D:3:      minmay_spotlight, layout_basic, portal_sewer_entry_a,
          chequers_serial_rivers_room_b, dk_noncrumbling_4, uniq_grinder,
          uniq_sigmund
D:4:      layout_loops_cross, nicolae_hepliaklqana_hazy_memory,
          gammafunk_ghost_arena, uniq_robin
D:5:      layout_layer_cave, nicolae_overflow_two_pavilions,
          nicolae_ossuary_entry_false_entrances, gammafunk_ghost_smash,
          kennysheep_nub, minmay_tree_intersection
D:6:      layout_gridville, lemuel_tele_altar, minmay_temple_entry_offerings,
          uniq_duvessa, uniq_menkaure

Skill      XL: |  1  2  3  4  5  6  7 |
---------------+----------------------+-----
Long Blades    | 4 5 6 |  6.1
Dodging        | 5 6 7 |  7.7
Armour         | 1 2 3 |  3.2
Shields        | 1 2 |  2.5
Fighting       | 3 4 |  4.4
Short Blades   | 1 4 5 |  5.9
Stealth        | 1 2 |  2.6
Throwing       | |  2.3
Evocations     | |  0.1

Action                     |  1- 3 |  4- 6 |  7- 9 || total
---------------------------+-------+-------+-------++-------
  Melee: Long sword        |   127 |   176 |       ||   303
         Dagger            |       |   295 |   117 ||   412
         Tailslap          |       |     1 |       ||     1
  Throw: Dart              |       |     3 |     5 ||     8
         Javelin           |       |     1 |       ||     1
 Invoke: Sacrifice Experie |       |     1 |       ||     1
  Evoke: Wand              |       |       |     2 ||     2
    Use: Potion            |       |     2 |       ||     2
         Scroll            |       |     9 |     1 ||    10
   Stab: Sleeping          |     3 |     2 |     2 ||     7
 Armour: Leather armour    |    35 |    80 |    28 ||   143
         Ring mail         |     3 |    39 |       ||    42
  Dodge: Dodged            |   102 |   313 |    54 ||   469
  Block: Buckler           |    11 |    93 |    23 ||   127
